 Dungeon Crawl Stone Soup version 0.23.2-40-g277498a001 (webtiles) character file.

Game seed: 15867144832057845299

55 Leekoo the Poker (level 3, -3/30 HPs)
             Began as a Merfolk Abyssal Knight on Sept 29, 2019.
             Was a Believer of Lugonu.
             Slain by Grinder (7 damage)
             ... while paralysed by Grinder
             ... on level 2 of the Dungeon.
             The game lasted 00:22:01 (2686 turns).

Leekoo the Poker (Merfolk Abyssal Knight)           Turns: 2686, Time: 00:22:02

Health: -3/30      AC:  8    Str: 13    XL:     3   Next: 93%
Magic:  4/4        EV:  2    Int: 11    God:    Lugonu [**....]
Gold:   117        SH:  0    Dex: 13    Spells: 2/2 levels left

rFire    . . .     SeeInvis .   a - +1 spear
rCold    . . .     Gourm    .   (no shield)
rNeg     . . .     Faith    .   i - +0 ring mail
rPois    .         Spirit   .   f - +0 hat
rElec    .         Reflect  .   (no cloak)
rCorr    .         Harm     .   g - +1 pair of gloves
MR       .....                  r - +0 pair of boots
Stlth    +.........             (no amulet)
HPRegen  0.10/turn              (no ring)
MPRegen  0.09/turn              (no ring)

@: paralysed
A: change form in water, swift swim, stealthy swim
a: Depart the Abyss, Bend Space, Renounce Religion


You were on level 2 of the Dungeon.
You worshipped Lugonu.
Lugonu was pleased with you.
You were hungry.

You visited 1 branch of the dungeon, and saw 6 of its levels.
You visited the Abyss 1 time.

You collected 117 gold pieces.

Inventory:

Hand Weapons
 a - a +1 spear (weapon)
Armour
 b - a +0 leather armour
 f - a +0 hat (worn)
 g - a +1 pair of gloves (worn)
 i - a +0 ring mail (worn)
 n - a +0 robe of magic resistance
 r - a +0 pair of boots (worn)
Jewellery
 e - a cursed ring of attention {unknown}
 t - an uncursed ring of magical power {unknown}
Scrolls
 d - a scroll of amnesia
 h - a scroll of remove curse {unknown}
 l - a scroll of noise {unknown}
 o - a scroll of enchant armour {unknown}
Potions
 j - a potion of might {unknown}
 m - a potion of curing {unknown}
 p - a potion of brilliance {unknown}
 q - a potion of heal wounds {unknown}
 s - a potion of magic {unknown}
Comestibles
 c - 2 rations
 k - 2 chunks of flesh


   Skills:
 + Level 3.7 Fighting
 * Level 4.3 Polearms
 - Level 0.8 Armour
 + Level 3.4 Dodging
 + Level 2.5 Invocations


You had 2 spell levels left.
You didn't know any spells.
Your spell library was empty.

Dungeon Overview and Level Annotations

Branches:
Dungeon (6/15)
 Temple: D:4-7

Altars:

Annotations:
D:2 Grinder
D:3 exclusion: downstairs


Message History

You are feeling hungry.
There is a stone staircase leading up here.
Grinder gestures at you. You resist with significant effort.
You climb upwards.
There is a stone staircase leading down here.
Grinder barely misses you. Grinder gestures at you.
Pain shoots through your body!
* * * LOW HITPOINT WARNING * * *
Grinder gestures at you.
You suddenly lose the ability to move!
Grinder blinks!
Grinder hits you.
* * * LOW HITPOINT WARNING * * *
You writhe in agony.
* * * LOW HITPOINT WARNING * * *
Grinder says, "Wait up."
Grinder hits you!
You die...

.#.#....#.#'##..#.#
..................#
....#...........#######
.....................>#
................#####.#
.......##...#..)# #.#
.......#........# #.#
.......#........#####.#
...............5@.....#
.......#........#######
.#.....#........#
................#
................#
......###.......#
.............####
..............#
..............#


You could see Grinder.

Vanquished Creatures
  An ooze (D:1)
  5 dart slugs (D:2)
  An orc (D:3)
  A bat (D:1)
  2 giant cockroaches
  3 goblins
  2 hobgoblins (D:2)
  10 jackals
  2 ball pythons
  3 frilled lizards
  4 kobolds
  4 rats
38 creatures vanquished.

Notes
Turn   | Place    | Note
-------+----------+-------------------------------------------
     0 | Abyss:1  | Leekoo the Merfolk Abyssal Knight began the quest for the
                  | Orb.
     0 | Abyss:1  | Reached XP level 1. HP: 18/18 MP: 2/2
    24 | D:1      | Escaped the Abyss
   151 | D:2      | Reached XP level 2. HP: 24/24 MP: 3/3
   256 | D:1      | You fall through a shaft!
   728 | D:1      | Reached XP level 3. HP: 29/29 MP: 4/4
  1103 | D:2      | Reached ** piety under Lugonu
  1105 | D:2      | Reached skill level 4 in Polearms
  1550 | D:3      | Noticed an ogre
  2115 | D:3      | You fall through a shaft for 3 floors!
  2121 | D:5      | Entered Level 5 of the Dungeon
  2121 | D:5      | Noticed a gnoll sergeant
  2121 | D:5      | Noticed a gnoll sergeant
  2121 | D:5      | Noticed a gnoll sergeant
  2146 | D:5      | Noticed a phantom
  2259 | D:4      | Noticed a scorpion
  2619 | D:3      | Noticed Grinder
  2621 | D:3      | Paralysed by Grinder for 7 turns
  2632 | D:3      | Paralysed by Grinder for 3 turns
  2659 | D:3      | Paralysed by Grinder for 5 turns
  2682 | D:2      | Paralysed by Grinder for 5 turns
  2686 | D:2      | Slain by Grinder

Skill      XL: |  1  2  3 |
---------------+----------+-----
Dodging        | 3 |  3.4
Polearms       | 4 |  4.3
Fighting       | |  3.7
Armour         | |  0.8
Invocations    | |  2.5

Action                   || total
-------------------------++-------
Melee: Spear             ||   139
Invok: Bend Space        ||     1
  Use: Scroll            ||     5
 Stab: Sleeping          ||     2
  Eat: Chunk             ||     5
Armor: Leather armour    ||    22
       Ring mail         ||    25
Dodge: Dodged            ||   100
